 Seeded DCSS version 0.30.1-9-gdf580d7c3d (webtiles) character file.

Game seed: 920673320228942481 (custom seed)

39 Psyclone the Conjurer (level 3, 19/19 HPs)
             Began as a Deep Elf Conjurer on Oct 9, 2023.
             Quit the game on level 4 of the Dungeon.
             The game lasted 00:00:44 (277 turns).

Psyclone the Conjurer (Deep Elf Conjurer)            Turns: 277, Time: 00:00:44

Health: 19/19      AC:  2    Str:  4    XL:     3   Next: 28%
Magic:  3/9        EV: 12    Int: 24    God:
Gold:   0          SH:  0    Dex: 13    Spells: 5/8 levels left

rFire   . . .        (no weapon)
rCold   . . .        (no shield)
rNeg    . . .        a - +0 robe
rPois   .            (no helmet)
rElec   .            (no cloak)
rCorr   .            (no gloves)
SInv    .            (no boots)
Will    .....        (no amulet)
Stlth   ++           (no ring)
HPRegen 0.23/turn    (no ring)
MPRegen 0.11/turn

%: no passive effects
@: no status effects
A: no striking features
a: no special abilities


You were on level 4 of the Dungeon.
You visited 1 branch of the dungeon, and saw 4 of its levels.

Inventory:

Armour
 a - a +0 robe (worn)
Scrolls
 c - 3 scrolls of acquirement {unknown}
Potions
 b - a potion of magic
 d - a potion of lignification {unknown}


   Skills:
 - Level 2.4 Dodging
 - Level 2.4 Stealth
 - Level 3.0 Spellcasting
 + Level 5.6 Conjurations


You had 5 spell levels left.
You knew the following spells:

 Your Spells              Type           Power      Damage    Failure   Level
a - Magic Dart            Conj           100%       1d8       1%          1
b - Searing Ray           Conj           60%        2d6       1%          2

Your spell library contained the following spells:

 Spells                   Type           Power      Damage    Failure   Level
 Dazzling Flash           Conj/Hex       34%        N/A       10%         3
 Fulminant Prism          Conj/Hex       8%         3d7       32%         4
 Iskenderun's Mystic Bla  Conj/Tloc      17%        2d5       32%         4


Dungeon Overview and Level Annotations

Branches:
Dungeon (4/15) Zot: 23723
 Temple: D:4-7

Altars:


Message History

You finish memorising.
Spell assigned to 'b'.
An orc comes into view. It is wielding a +0 club.
An orc comes into view. It is wielding a +0 flail.
Found 6 stones.
Casting: Magic Dart (safe; 1% risk of failure)
Confirm with . or Enter, or press ? or * to list all spells.
Aiming: Magic Dart (safe; 1% risk of failure)
Press: ? - help, Shift-Dir - straight line, f - orc
Aim: an orc, wielding a +0 club (asleep, 100% to hit)
The magic dart hits the orc.
The orc is severely wounded.
The orc shouts! x2; You hear a shout!
You hear an angry hiss.
An orc comes into view. It is wielding a +0 club.
You now have 8/9 mp.
Casting: Magic Dart (safe; 1% risk of failure)
Confirm with . or Enter, or press ? or * to list all spells.
Aiming: Magic Dart (safe; 1% risk of failure)
Press: ? - help, Shift-Dir - straight line, f/p - orc
Aim: an orc, wielding a +0 club (severely wounded, 100% to hit)
The magic dart hits the orc.
You kill the orc!
You now have 7/9 mp.
Casting: Magic Dart (safe; 1% risk of failure)
Confirm with . or Enter, or press ? or * to list all spells.
Aiming: Searing Ray (safe; 1% risk of failure)
Press: ? - help, Shift-Dir - straight line, f - orc
Aim: an orc, wielding a +0 flail (79% to hit)
The searing ray misses the orc. (Press . to maintain the ray.)
You now have 5/9 mp.
The searing ray hits the orc!
You kill the orc!
A ball python comes into view.
You now have 4/9 mp.
The searing ray hits the orc!
You kill the orc!
You now have 3/9 mp.
Unknown command.
Unknown command.
Are you sure you want to abandon this character and quit the game? (Confirm with "yes".)

#. .S. .)..
##..(# #....
##..) ##..# ##.@#
##...# .
#....#####. #$#
#..>........
##.#.#..##.####.#
#........#.#
#.##.##.##.#
#.......##.#
#..#.......#


You could see a ball python (wandering).

Vanquished Creatures
  A hound (D:4)
  3 orcs (D:4)
  An endoplasm (D:3)
  A ball python (D:1)
6 creatures vanquished.

Notes
Turn   | Place    | Note
-------+----------+-------------------------------------------
     0 | D:1      | Psyclone the Deep Elf Conjurer began the quest for the Orb.
     0 | D:1      | Reached XP level 1. HP: 10/10 MP: 6/6
   147 | D:4      | Noticed a hound
   153 | D:4      | Killed a hound
   154 | D:4      | Reached skill level 5 in Conjurations
   154 | D:4      | Reached XP level 2. HP: 15/15 MP: 0/8
   154 | D:4      | Reached XP level 3. HP: 19/19 MP: 0/9
   269 | D:4      | Learned a level 2 spell: Searing Ray
   277 | D:4      | Quit the game

Illustrated notes

Levels and vault maps discovered:
D:1:      dpeg_arrival_orchard, layout_basic
D:2:      layout_loops_corners, uniq_natasha, uniq_crazy_yiuf_cottage
D:3:      layout_basic, serial_shops, nicolae_shop_stone, shop
D:4:      layout_basic, nicolae_figureground_sparkle, uniq_sigmund, uniq_robin,
          uniq_blork_the_orc

Skill      XL: |  1 |
---------------+----+-----
Conjurations   | 5 |  5.6
Dodging        | |  2.4
Stealth        | |  2.4
Spellcasting   | |  3.0

Action                     || total
---------------------------++-------
   Cast: Magic Dart        ||    11
         Searing Ray       ||     1
